 Dungeon Crawl Stone Soup version 0.22-a0-596-gfbd32a6 (webtiles) character file.

19 royokou the Magician (level 2, 0/13 HPs)
             Began as a Spriggan Conjurer on July 4, 2018.
             Slain by a hobgoblin
             ... wielding a +0 club
              (3 damage)
             ... on level 1 of the Dungeon on July 5, 2018.
             The game lasted 00:03:41 (490 turns).

royokou the Magician (Spriggan Conjurer)             Turns: 490, Time: 00:03:42

Health: 0/13       AC:  2    Str:  4    XL:     2   Next: 55%
Magic:  0/7        EV: 18    Int: 16    God:
Gold:   29         SH:  0    Dex: 16    Spells: 4/7 levels left

rFire    . . .     SeeInvis +   h - +0 short sword
rCold    . . .     Gourm    .   (shield restricted)
rNeg     . . .     Faith    .   a - +0 robe
rPois    .         Spirit   .   (helmet restricted)
rElec    .         Reflect  .   (no cloak)
rCorr    .         Harm     .   (gloves unavailable)
MR       .....                  (boots unavailable)
Stlth    ++........             (no amulet)
HPRegen  0.04/turn              (no ring)
MPRegen  0.10/turn              (no ring)

@: very quick
A: very small, unfitting armour, see invisible, herbivore, speed 3, slow
metabolism 2
a: no special abilities


You were on level 1 of the Dungeon.
You were not hungry.

You visited 1 branch of the dungeon, and saw 1 of its levels.

You collected 29 gold pieces.

Inventory:

Hand Weapons
 h - a +0 short sword (weapon)
 j - a +0 hunting sling
Armour
 a - a +0 robe (worn)
Scrolls
 b - a scroll of identify {unknown}
 e - 3 scrolls of blinking {unknown}
 f - a scroll of teleportation {unknown}
 i - a scroll of enchant weapon {unknown}
Potions
 d - a potion of curing {unknown}
 g - a potion of flight {unknown}
Comestibles
 c - 3 rations


   Skills:
 - Level 3.0 Dodging
 - Level 3.0 Stealth
 + Level 3.3 Spellcasting
 * Level 3.3 Conjurations


You had 4 spell levels left.
You knew the following spells:

 Your Spells              Type           Power        Failure   Level  Hunger
a - Magic Dart            Conj           ##..         4%          1    None
b - Searing Ray           Conj           ##....       7%          2    ##.....

Your spell library contained the following spells:

 Spells                   Type           Power        Failure   Level  Hunger
 Iskenderun's Mystic Bla  Conj           ##......     41%         4    ####...
 Fulminant Prism          Conj/Hex       #.........   65%         4    ####...
 Dazzling Spray           Conj/Hex       #.....       26%         3    ###....
 Force Lance              Conj/Tloc      #.......     65%         4    ####...


Dungeon Overview and Level Annotations

Branches:
Dungeon (1/15)

Altars:


Innate Abilities, Weirdness & Mutations

You are very small and have problems with some larger weapons.
You are too small for most types of armour.
You have supernaturally acute eyesight. (SInv)
You are a herbivore.
You cover ground extremely quickly.
You need to consume almost no food.


Message History

The hobgoblin hits you but does no damage.
You closely miss the hobgoblin.
The hobgoblin is severely wounded.
The hobgoblin hits you with a club.
You hit the hobgoblin.
The hobgoblin is almost dead.
The hobgoblin hits you but does no damage.
Casting: Magic Dart (safe; 4% risk of failure)
Confirm with . or Enter, or press ? or * to list all spells.
Aiming: Magic Dart (safe; 4% risk of failure)
Press: ? - help, Shift-Dir - straight line, f/p - hobgoblin
Aim: a hobgoblin, wielding a club (almost dead)
The magic dart hits the hobgoblin.
The hobgoblin is almost dead.
The hobgoblin hits you with a club.
* * * LOW HITPOINT WARNING * * *
You hit the hobgoblin but do no damage.
The hobgoblin is almost dead.
The hobgoblin hits you with a club.
You die...

#..........
... .
##.########
#( #.# #.
#.# # #.#
#.# #.####
###
#....##.....
#...@g'.....
#....##?>...
#....# #..
#....#
#....#
#....#
######


You could see a hobgoblin.

Vanquished Creatures
  An ooze (D:1)
  A leopard gecko (D:1)
  A giant cockroach (D:1)
  4 goblins (D:1)
  A hobgoblin (D:1)
  3 bats (D:1)
  3 rats (D:1)
14 creatures vanquished.

Notes
Turn   | Place    | Note
-------+----------+-------------------------------------------
     0 | D:1      | royokou the Spriggan Conjurer began the quest for the Orb.
     0 | D:1      | Reached XP level 1. HP: 9/9 MP: 5/5
   182 | D:1      | Upgraded the game from 0.22-a0-587-g7d32d7c to 0.22-a0-596-gfbd32a6
   275 | D:1      | Reached XP level 2. HP: 13/13 MP: 0/7
   279 | D:1      | Learned a level 2 spell: Searing Ray
   490 | D:1      | Slain by a hobgoblin

Vault maps used:
D:1:      kennysheep_arrival_seaside

Skill      XL: |  1 |
---------------+----+-----
Conjurations   | 3 |  3.3
Spellcasting   | 3 |  3.3
Dodging        | |  3.0
Stealth        | |  3.0

Action                   || total
-------------------------++-------
Melee: Unarmed           ||     1
       Short sword       ||     9
 Cast: Magic Dart        ||    29
       Searing Ray       ||     1
 Stab: Sleeping          ||     1
Armor: Robe              ||     3
Dodge: Dodged            ||    10

Table legend:
 A = Spawn XP
 B = Non-spawn XP
 C = Spawn XP percentage of total XP
 D = Spawn monster count
 E = Non-spawn monster count
 F = Spawn count percentage of total count
 G = Total turns spent on level
                    A         B        C        D         E        F      G
               +---------+---------+-------+---------+---------+-------+---------
         Total |       0 |      28 |   0.0 |       0 |      14 |   0.0 |   490
               +---------+---------+-------+---------+---------+-------+---------
           D:1 |       0 |      28 |   0.0 |       0 |      14 |   0.0 |   490
               +---------+---------+-------+---------+---------+-------+---------
